 Dungeon Crawl Stone Soup version 0.19-a0-1223-gf83d13a (webtiles) character file.

104 dorian the Charmwright (level 4, -1/29 HPs)
             Began as a High Elf Skald on Aug 24, 2016.
             Killed from afar by Sigmund (6 damage)
             ... with a puff of flame
             ... on level 3 of the Dungeon.
             The game lasted 00:03:40 (1897 turns).

dorian the Charmwright (High Elf Skald)             Turns: 1897, Time: 00:03:41

Health: -1/29      AC:  7    Str: 12    XL:     4   Next: 52%
Magic:  0/8        EV: 12    Int: 16    God:
Gold:   81         SH:  0    Dex: 14    Spells: 3 memorised, 2 levels left

rFire  . . .     SeeInvis .     a - +0 falchion
rCold  . . .     Gourm    .     b - +0 leather armour
rNeg   . . .     Faith    .     (no shield)
rPois  .         Spirit   +     r - +0 helmet
rElec  .         Dismiss  .     m - +0 cloak (curse)
rCorr  .         Reflect  .     q - +1 pair of gloves
MR     .....     Harm     .     (no boots)
Stlth  +.........               g - amulet of guardian spirit
                                (no ring)
                                i - ring of wizardry

@: no status effects
A: no striking features
a: no special abilities


You were on level 3 of the Dungeon.
You were hungry.

You visited 1 branch of the dungeon, and saw 3 of its levels.

You collected 81 gold pieces.

Inventory:

Hand Weapons
 a - a +0 falchion (weapon)
Armour
 b - a +0 leather armour (worn)
 m - a cursed +0 cloak (worn)
 q - a +1 pair of gloves (worn)
 r - a +0 helmet (worn)
Jewellery
 g - an amulet of guardian spirit (around neck)
 i - a ring of wizardry (left hand)
Scrolls
 e - a scroll of identify {unknown}
 j - 2 scrolls of fog {unknown}
 k - 2 scrolls of amnesia {unknown}
 l - a scroll of teleportation {unknown}
Potions
 h - a potion of lignification {unknown}
 n - a potion of curing {unknown}
 o - a potion of might {unknown}
 p - a potion of degeneration {unknown}
 s - a potion of invisibility {unknown}
 t - a potion of cancellation {unknown}
Books
 c - a book of Battle

   Spells                             Type                      Level
   a - Infusion                       Charms                       1
   b - Shroud of Golubria             Charms/Translocation         2
   c - Song of Slaying                Charms                       2
   d - Spectral Weapon                Hexes/Charms                 3
   e - Regeneration                   Charms/Necromancy            3
Comestibles
 d - 2 bread rations
 f - a beef jerky
 u - 4 fruits
 v - a slice of pizza
 w - a chunk of flesh
 x - a meat ration


   Skills:
 - Level 2.0 Fighting
 * Level 4.4 Long Blades
 - Level 0.8 Armour
 + Level 2.1 Dodging
 - Level 2.4 Spellcasting
 + Level 4.7 Charms


You had 2 spell levels left.
You knew the following spells:

 Your Spells              Type           Power        Failure   Level  Hunger
a - Infusion              Chrm           ###.         1%          1    #......
b - Song of Slaying       Chrm           ###.....     3%          2    ###....
c - Shroud of Golubria    Chrm/Tloc      #.........   7%          2    ###....


Dungeon Overview and Level Annotations

Branches:
Dungeon (3/15)

Altars:
Yredelemnul

Annotations:
D:3 Sigmund


Message History

You completely miss something. Something hits you but does no damage.
The orc priest casts a cantrip, but nothing happens.
You hit something. Something hits you.
You miss something.
An orc comes into view. It is wielding a hand axe.
You miss something. Something hits you.
The orc moves out of view.
You barely miss something. Something hits you!
* * * LOW HITPOINT WARNING * * *
You barely miss something. You closely miss something.
You hear some strange, mumbled words.
Something tries to affect you, but you resist.
Something hits you.
* * * LOW HITPOINT WARNING * * *
You hit something. You barely miss something.
You hear some strange, mumbled words.
A puff of flame appears from out of thin air!
The puff of flame hits you!
You die...

.##.#####.....#
.............#
######.##.### .
#.##.####....
#............
####.#####...
########.#
.....).†.#
########@# #{#
#o# #{# #o# #.#
#.. ###


You could see an orc priest and an orc.

Vanquished Creatures
  4 adders
  An ooze (D:1)
  12 bats
  3 giant cockroaches
  10 goblins
  7 hobgoblins
  7 jackals
  6 giant newts
  6 kobolds
  3 rats
59 creatures vanquished.

Notes
Turn   | Place    | Note
-------+----------+-------------------------------------------
     0 | D:1      | dorian the High Elf Skald began the quest for the Orb.
     0 | D:1      | Reached XP level 1. HP: 14/14 MP: 4/4
   124 | D:1      | Reached XP level 2. HP: 9/19 MP: 3/6
   451 | D:1      | Reached XP level 3. HP: 19/24 MP: 5/7
   866 | D:1      | Learned a level 2 spell: Song of Slaying
   869 | D:1      | Learned a level 2 spell: Shroud of Golubria
  1034 | D:2      | Reached XP level 4. HP: 29/29 MP: 8/8
  1617 | D:3      | Found a basalt altar of Yredelemnul.
  1861 | D:3      | Noticed Sigmund
  1897 | D:3      | Killed from afar by Sigmund

Vault maps used:
D:1:      minmay_arrival_plants_in_alcoves
D:3:      overflow_temple_1_default, old_standard_altar, uniq_sigmund

Skill      XL: |  1  2  3  4 |
---------------+-------------+-----
Charms         | 4 |  4.7
Long Blades    | 3 4 |  4.4
Dodging        | 2 |  2.1
Fighting       | |  2.0
Armour         | |  0.8
Spellcasting   | |  2.4

Action                   |  1- 3 |  4- 6 || total
-------------------------+-------+-------++-------
Melee: Falchion          |   158 |   109 ||   267
 Cast: Shroud of Golubri |       |     1 ||     1
  Eat: Chunk             |     1 |     2 ||     3
Armor: Leather armour    |    48 |    35 ||    83
Dodge: Dodged            |   103 |    56 ||   159
